 Dungeon Crawl Stone Soup version 0.27.1-35-g4d5d836560 (webtiles) character file.

Game seed: 1589468328484679962

42417 Scoutboy87 the Carver (level 13, -8/114 HPs)
             Began as a Minotaur Fighter on May 28, 2022.
             Was the Champion of Cheibriados.
             Mangled by a tyrant leech (14 damage)
             ... on level 6 of the Lair of Beasts on May 29, 2022.
             The game lasted 00:55:43 (14479 turns).

Scoutboy87 the Carver (Minotaur Fighter)           Turns: 14479, Time: 00:55:44

Health: -8/114     AC: 15    Str: 40    XL:     13   Next: 85%
Magic:  17/17      EV: 22    Int: 20    God:    Cheibriados [******]
Gold:   1236       SH: 25    Dex: 39    Spells: 12/12 levels left

rFire    + . .     SeeInvis .   S - +0 scimitar (flame)
rCold    + . .     Faith    .   c - +3 kite shield
rNeg     . . .     Spirit   .   b - +0 scale mail
rPois    +         Reflect  +   v - +1 hat {Stlth+}
rElec    +         Harm     .   R - +0 cloak "Yplakhl Jypu" {rElec rCorr Dex-2 Slay+3}
rCorr    +         Rampage  .   z - +2 pair of gloves {Str+3}
Will     .....                  V - +0 pair of boots {Fly}
Stlth    +++.......             h - amulet of reflection
HPRegen  0.29/turn              o - +6 ring of dexterity
MPRegen  0.15/turn              u - +6 ring of dexterity

@: resistant, flying, very slightly contaminated, invisible, very slow
A: horns 2, retaliatory headbutt
a: Renounce Religion, Bend Time, Temporal Distortion, Slouch, Step From Time


You were on level 6 of the Lair of Beasts.
You worshipped Cheibriados.
Cheibriados was exalted by your worship.
You visited 3 branches of the dungeon, and saw 17 of its levels.
You also visited: Ossuary and Gauntlet.

You collected 1398 gold pieces.
You spent 162 gold pieces at shops.

Inventory:

Hand Weapons
 O - a +4 scimitar of venom
 S - a +0 scimitar of flaming (weapon)
Missiles
 p - 14 silver javelins (quivered)
 T - 6 javelins
Armour
 b - a +0 scale mail (worn)
 c - a +3 kite shield (worn)
 v - a +1 hat of stealth (worn)
 z - a +2 pair of gloves of strength (worn)
 R - the +0 cloak "Yplakhl Jypu" (worn) {rElec rCorr Dex-2 Slay+3}
   (You found it in a Gauntlet)

   Dex:       It affects your dexterity (-2).
   Slay:      It affects your accuracy & damage with ranged weapons and melee
   (+3).
   rElec:     It insulates you from electricity.
   rCorr:     It protects you from acid and corrosion.
 V - a +0 pair of boots of flying (worn)
Jewellery
 h - an amulet of reflection (around neck)
 o - a +6 ring of dexterity (left hand)
 u - a +6 ring of dexterity (right hand)
Wands
 i - a wand of flame (100)
 q - a wand of mindburst (35)
 s - a wand of acid (24)
 Q - a wand of paralysis (6)
 U - a wand of iceblast (19)
Scrolls
 g - 2 scrolls of immolation
 t - a scroll of enchant armour
 x - 2 scrolls of summoning
 y - 2 scrolls of holy word
 A - 3 scrolls of fear
 D - a scroll of magic mapping
 L - 2 scrolls of teleportation
 P - 2 scrolls of identify
 W - a scroll of brand weapon
 Z - a scroll of enchant weapon
Potions
 a - a potion of might
 k - 2 potions of mutation
 n - a potion of resistance
 r - a potion of magic {unknown}
 C - 2 potions of flight {unknown}
 F - 2 potions of curing {unknown}
 H - a potion of degeneration {unknown}


   Skills:
 * Level 10.7 Fighting
 + Level 2.6(9.2) Short Blades
 * Level 14.2(14.3) Long Blades
 * Level 8.3 Throwing
 + Level 9.1 Armour
 * Level 9.0 Dodging
 + Level 12.2 Shields
 * Level 6.7 Invocations
 * Level 5.8 Evocations


You had 12 spell levels left.
You didn't know any spells.
Your spell library contained the following spells:

 Spells                   Type           Power      Damage    Failure   Level
 Animate Skeleton         Necr           0%         N/A       41%         1
 Apportation              Tloc           0%         N/A       41%         1
 Beastly Appendage        Tmut           0%         N/A       41%         1
 Pain                     Necr           0%         1d4       41%         1
 Sting                    Tmut/Pois      0%         1d3       41%         1
 Ensorcelled Hibernation  Hex/Ice        0%         N/A       54%         2
 Poisonous Vapours        Pois/Air       0%         N/A       54%         2
 Slow                     Hex            0%         N/A       54%         2
 Sublimation of Blood     Necr           0%         N/A       54%         2
 Wereblood                Tmut           0%         N/A       54%         2
 Confusing Touch          Hex            0%         N/A       78%         3
 Dazzling Flash           Conj/Hex       0%         N/A       78%         3
 Spider Form              Tmut/Pois      0%         N/A       78%         3
 Stone Arrow              Conj/Erth      0%         3d7       78%         3
 Tukima's Dance           Hex            0%         N/A       78%         3
 Vampiric Draining        Necr           0%         2d6       78%         3
 Olgreb's Toxic Radiance  Pois           0%         N/A       99%         4
 Passage of Golubria      Tloc           N/A        N/A       99%         4
 Petrify                  Tmut/Erth      0%         N/A       99%         4
 Agony                    Necr           0%         N/A       100%        5
 Alistair's Intoxication  Tmut/Pois      0%         N/A       100%        5
 Bolt of Magma            Conj/Fire/Erth 0%         4d4       100%        5
 Irradiate                Conj/Tmut      0%         3d13      100%        5
 Metabolic Englaciation   Hex/Ice        0%         N/A       100%        5
 Silence                  Hex/Air        0%         N/A       100%        5
 Yara's Violent Unravell  Hex/Tmut       0%         3d3       100%        5
 Invisibility             Hex            0%         N/A       100%        6
 Shadow Creatures         Summ           N/A        N/A       100%        6
 Statue Form              Tmut/Erth      0%         N/A       100%        6
 Malign Gateway           Summ/Tloc      0%         N/A       100%        7
 Summon Horrible Things   Summ           0%         N/A       100%        8
 Shatter                  Erth           0%         3d5*      100%        9


Dungeon Overview and Level Annotations

Branches:
Dungeon (11/15)            Temple (1/1) D:5            Lair (4/6) D:10
  Swamp (0/4) Lair:2       Spider (0/4) Lair:2      Ossuary (visited)
Gauntlet (visited)
    Orc: D:9-12

Altars:
Ashenzari
Cheibriados
Dithmenos
Elyvilon
Fedhas
Gozag
Hepliaklqana
Kikubaaqudgha
Makhleb
Nemelex Xobeh
Okawaru
Qazlal
Ru
Sif Muna
Trog
Uskayaw
Vehumet
Wu Jian
Xom
Yredelemnul
Zin
The Shining One
Beogh

Shops:
D:1 :   D:3 [*(:(

Annotations:
Lair:4 exclusion: oklob plant


Innate Abilities, Weirdness & Mutations

You have a pair of horns on your head.
You reflexively headbutt those who attack you in melee.


Message History

The flash freeze hits the rime drake!!
The rime drake partially resists.
You kill the rime drake!
Cheibriados appreciates the change of pace.
You completely miss the fire dragon.
The fire dragon is almost dead.
You block the elephant's attack. x4; The fire dragon bites you!
* * * LOW HITPOINT WARNING * * *
The fire dragon claws you!
* * * LOW HITPOINT WARNING * * *
The fire dragon tramples you but does no damage.
The vampire mosquito buzzes angrily.
You hit the fire dragon. You headbutt the fire dragon.
You kill the fire dragon!
Cheibriados appreciates the change of pace.
The fire dragon scales are intact enough to wear.
You block the rime drake's attack. You block the elephant's attack. x2
You slice the rime drake!! You burn the rime drake.
You kill the rime drake!
Cheibriados thoroughly appreciates the change of pace.
Your surroundings suddenly seem different. 2 tyrant leeches, a hydra, a cane toad and a blink frog come into view.
The cane toad croaks.
The blink frog gives a loud, deep croak!
The six-headed hydra roars!
You hear a loud, deep croak!
You fade into invisibility!
A bullfrog comes into view.
The cane toad barely misses you.
You are very lightly contaminated with residual magic.
You feel protected. You block the cane toad's attack.
You slash the cane toad! You burn the cane toad.
The cane toad is moderately wounded.
You block the cane toad's attack.
You slice the cane toad!! You burn the cane toad!
You kill the cane toad!
Cheibriados appreciates the change of pace.
You slash the tyrant leech! You burn the tyrant leech.
The tyrant leech is lightly wounded.
The tyrant leech bites you!
You die...

.#.≈≈≈≈≈#≈≈###
...≈≈≈≈w≈≈≈#≈##
...≈≈≈≈≈≈≈≈≈≈.≈
..P≈≈≈≈≈≈≈≈≈≈≈≈
..P.≈≈≈≈≈≈≈≈≈≈.
...P≈≈≈≈≈≈≈≈≈≈≈
.PP.≈≈≈≈≈≈≈≈≈≈≈
...≈≈≈≈@≈≈≈≈≈≈≈
..≈..≈≈≈w≈≈≈≈≈≈ ..
....≈≈≈P≈≈P≈F≈≈ ...
...≈P.≈≈≈≈≈.≈≈≈ ...
....≈.≈≈F≈≈≈≈≈D .#
....≈.≈≈.≈.P≈≈≈≈≈
.######.....####....≈...
.#.#.##........###P≈P...
.....#P........[.


You could see a six-headed hydra (wandering), 2 tyrant leeches, a blink frog and
a bullfrog (wandering).

Vanquished Creatures
  Gastronok (Lair:1)
  A minotaur (Gauntlet)
  A fire dragon (Lair:6)
  5 hydras
  Fannar (D:10)
  A two-headed ogre (D:8)
  6 death yaks (Lair:3)
  Nergalle (Lair:1)
  The ghost of DrStoges the Magician, a novice DjFE (D:6)
  The ghost of Ekaitz the Grappler, a novice DrTm of Wu Jian (D:9)
  6 elephants (Lair:4)
  3 black mambas
  4 torpor snails (Lair:2)
  9 komodo dragons
  12 cane toads
  An efreet (Gauntlet)
  Maggie (D:6)
  13 rime drakes
  2 polar bears (Lair:3)
  A troll (D:9)
  10 blink frogs
  A ynoxinul (Gauntlet)
  3 wyverns
  2 wraiths
  A fire bat (D:10)
  A basilisk (Lair:2)
  6 yaks
  4 fire elementals
  5 steam dragons (Lair:6)
  Grum (D:9)
  2 large abominations (Gauntlet)
  3 wargs
  An acid dragon (D:10)
  15 water moccasins
  6 hell hounds
  9 orc warriors
  2 sky beasts
  A black bear (D:7)
  11 wolves
  7 centaurs
  An ogre (D:5)
  5 small abominations (Gauntlet)
  A phantom (D:6)
  A kobold brigand (D:7)
  8 bullfrogs
  2 scorpions
  2 water moccasin skeletons
  5 wights (D:7)
  4 killer bees (D:9)
  A spectral centaur (D:6)
  3 howler monkeys (D:9)
  A lava snake (D:9)
  7 centaur zombies
  4 iron imps (Gauntlet)
  A hound (D:6)
  A human zombie (Ossuary)
  2 centaur skeletons
  4 orc priests
  5 jellies
  5 iguanas
  5 orc wizards
  A spectral howler monkey (D:6)
  3 mummies (Ossuary)
  A howler monkey zombie (D:6)
  Robin (D:2)
  6 adders
  A white imp (D:5)
  3 adder zombies (Ossuary)
  2 worms (D:3)
  3 dart slugs
  20 orcs
  9 endoplasms
  4 giant cockroaches
  12 goblins
  10 hobgoblins
  2 jackals (D:1)
  13 kobolds
  4 quokkas
  8 ball pythons
  5 bats
  4 frilled lizards
  2 goblin zombies (Ossuary)
  5 hobgoblin zombies (Ossuary)
  3 kobold zombies (Ossuary)
  A quokka zombie (Ossuary)
  5 rats
  4 rat zombies
362 creatures vanquished.

Vanquished Creatures (others)
  A kobold (D:7)
  17 fungi
  67 plants
85 creatures vanquished.

Grand Total: 447 creatures vanquished

Notes
Turn   | Place    | Note
-------+----------+-------------------------------------------
     0 | D:1      | Scoutboy87 the Minotaur Fighter began the quest for the
                  | Orb.
     0 | D:1      | Reached XP level 1. HP: 19/19 MP: 0/0
   199 | D:1      | Reached XP level 2. HP: 19/27 MP: 1/1
   416 | D:1      | Found a faded altar of an unknown god.
   644 | D:1      | Found Utwish's Book Boutique.
   680 | D:1      | Reached XP level 3. HP: 33/33 MP: 2/2
   777 | D:2      | Reached skill level 1 in Dodging
   780 | D:2      | Reached skill level 3 in Long Blades
   912 | D:2      | Found a blossoming altar of Fedhas.
  1172 | D:2      | Identified the +2 helmet "Enuis" {Regen+ Str+5 Int-4 Dex-3}
  1172 | D:2      | Noticed Robin
  1176 | D:2      | Reached XP level 4. HP: 40/40 MP: 3/3
  1190 | D:2      | Killed Robin
  1791 | D:3      | Found Nuiloh's Weapon Shoppe.
  1792 | D:3      | Found Suylieff's Assorted Antiques.
  1923 | D:3      | Found Iseegoc's Antique Weapon Boutique.
  2074 | D:3      | Reached XP level 5. HP: 47/47 MP: 4/4
  2087 | D:3      | Reached skill level 4 in Long Blades
  2207 | D:3      | Found Zyih Iwkuan's Book Shop.
  2290 | D:3      | Found a burning altar of Makhleb.
  2512 | D:3      | Found Niaffir's Armour Emporium.
  3012 | D:5      | Entered Level 5 of the Dungeon
  3012 | D:5      | Noticed an ogre
  3016 | D:5      | Killed an ogre
  3017 | D:5      | Reached skill level 5 in Fighting
  3017 | D:5      | Reached skill level 5 in Long Blades
  3017 | D:5      | Reached XP level 6. HP: 56/56 MP: 5/5
  3029 | D:5      | Found a staircase to the Ecumenical Temple.
  3091 | D:5      | Reached skill level 1 in Throwing
  3106 | Temple   | Entered the Ecumenical Temple
  3160 | Temple   | Became a worshipper of Cheibriados the Contemplative
  3273 | D:5      | Reached skill level 6 in Long Blades
  3485 | D:5      | Reached skill level 5 in Shields
  3485 | D:5      | Reached XP level 7. HP: 57/61 MP: 6/6
  3578 | D:6      | Noticed Maggie
  3583 | D:6      | Killed Maggie
  3584 | D:6      | Reached skill level 7 in Long Blades
  3589 | D:6      | Reached skill level 5 in Armour
  3596 | D:6      | Found a transporter.
  3648 | D:6      | Identified the +6 mace of Youthful Indiscretion {flame,
                  | Str+4 Stlth+}
  3660 | D:6      | Reached XP level 8. HP: 40/70 MP: 7/7
  3811 | D:6      | Found a transporter.
  3816 | D:6      | Noticed DrStoges's ghost (novice DjFE)
  3892 | D:6      | Reached skill level 8 in Long Blades
  4073 | D:6      | Found a sparkling altar of Nemelex Xobeh.
  4190 | D:6      | Killed DrStoges's ghost
  4196 | D:6      | Reached skill level 9 in Long Blades
  4196 | D:6      | Reached XP level 9. HP: 19/77 MP: 8/8
  4702 | D:7      | Reached * piety under Cheibriados
  5300 | D:8      | Reached skill level 5 in Dodging
  5328 | D:8      | Found a sand-covered staircase.
  5340 | Ossuary  | Entered an ossuary
  5362 | Ossuary  | Reached skill level 10 in Long Blades
  5408 | Ossuary  | Reached ** piety under Cheibriados
  5807 | D:3      | Bought a glowing long sword for 162 gold pieces
  6205 | D:8      | Found an opulent altar of Gozag.
  6216 | D:8      | Noticed a two-headed ogre
  6221 | D:8      | Killed a two-headed ogre
  6222 | D:8      | Reached skill level 1 in Invocations
  6222 | D:8      | Reached XP level 10. HP: 86/86 MP: 9/9
  6274 | D:8      | Noticed a lindwurm
  6347 | D:8      | Noticed a lindwurm
  6378 | D:8      | Found an ornate altar of the Wu Jian Council.
  6516 | D:8      | Noticed a lindwurm
  6538 | D:9      | Reached skill level 1 in Evocations
  7146 | D:9      | Found a runed translucent gate.
  7147 | D:9      | Found a runed translucent gate.
  7147 | D:9      | Found a runed translucent gate.
  7147 | D:9      | Noticed Ekaitz's ghost (novice DrTm)
  7175 | D:9      | Noticed Grum
  7179 | D:9      | Killed Grum
  7549 | D:9      | Reached *** piety under Cheibriados
  7643 | D:9      | Reached skill level 5 in Throwing
  8079 | D:9      | Killed Ekaitz's ghost
  8080 | D:9      | Reached skill level 11 in Long Blades
  8219 | D:10     | Entered Level 10 of the Dungeon
  8222 | D:10     | Found a staircase to the Lair.
  8246 | D:10     | Reached **** piety under Cheibriados
  8291 | D:10     | Found a transporter.
  8409 | D:10     | Reached XP level 11. HP: 94/94 MP: 12/12
  8441 | D:10     | Found a transporter.
  8509 | D:10     | Noticed Fannar
  8533 | D:10     | Killed Fannar
  9226 | Lair:1   | Entered Level 1 of the Lair of Beasts
  9226 | Lair:1   | Noticed Nergalle
  9238 | Lair:1   | Killed Nergalle
  9327 | Lair:1   | Noticed a six-headed hydra
  9340 | Lair:1   | Killed a six-headed hydra
  9640 | Lair:1   | Reached skill level 1 in Short Blades
  9640 | Lair:1   | Reached skill level 12 in Long Blades
  9640 | Lair:1   | Reached skill level 10 in Shields
  9783 | Lair:1   | Noticed Gastronok
  9794 | Lair:1   | Killed Gastronok
 10071 | Lair:1   | Reached XP level 12. HP: 103/103 MP: 14/14
 10265 | Lair:2   | Found a snail-covered altar of Cheibriados.
 10276 | Lair:2   | Reached ***** piety under Cheibriados
 10935 | Lair:2   | Found a hole to the Spider Nest.
 11063 | Lair:2   | Noticed an eight-headed hydra
 11074 | Lair:2   | Killed an eight-headed hydra
 11075 | Lair:2   | Reached skill level 5 in Invocations
 11407 | Lair:2   | Found a staircase to the Swamp.
 11738 | Lair:3   | Noticed a death yak
 11738 | Lair:3   | Noticed a death yak
 11741 | Lair:3   | Noticed a death yak
 11745 | Lair:3   | Killed a death yak
 11746 | Lair:3   | Noticed a death yak
 11749 | Lair:3   | Noticed a death yak
 11751 | Lair:3   | Noticed a death yak
 11752 | Lair:3   | Killed a death yak
 11756 | Lair:3   | Killed a death yak
 11766 | Lair:3   | Killed a death yak
 11794 | Lair:3   | Reached skill level 13 in Long Blades
 11837 | Lair:3   | Killed a death yak
 11838 | Lair:3   | Killed a death yak
 11853 | Lair:3   | Found a gate leading to a gauntlet.
 11862 | Gauntlet | Entered a Gauntlet
 11862 | Gauntlet | Found a transporter.
 11862 | Gauntlet | Found a transporter.
 11981 | Gauntlet | Found a transporter.
 11993 | Gauntlet | Found a transporter.
 11994 | Gauntlet | Found a transporter.
 12023 | Gauntlet | Found a transporter.
 12023 | Gauntlet | Found a transporter.
 12025 | Gauntlet | Found a transporter.
 12025 | Gauntlet | Found a transporter.
 12038 | Gauntlet | Found a transporter.
 12054 | Gauntlet | Found a transporter.
 12064 | Gauntlet | Found a transporter.
 12081 | Gauntlet | Found a transporter.
 12098 | Gauntlet | Found a transporter.
 12199 | Gauntlet | Identified the +0 cloak "Yplakhl Jypu" {rElec rCorr Dex-2
                  | Slay+3}
 12507 | Gauntlet | Noticed a minotaur
 12512 | Gauntlet | Killed a minotaur
 12513 | Gauntlet | Reached skill level 5 in Evocations
 12513 | Gauntlet | Reached XP level 13. HP: 105/113 MP: 16/16
 12812 | Lair:3   | Reached skill level 10 in Fighting
 13508 | Lair:4   | Reached ****** piety under Cheibriados
 14180 | Lair:4   | You are sucked into a shaft and drop 2 floors!
 14180 | Lair:6   | Entered Level 6 of the Lair of Beasts
 14188 | Lair:6   | Reached skill level 14 in Long Blades
 14459 | Lair:6   | Noticed a fire dragon
 14472 | Lair:6   | HP: 5/114 [fire dragon (7)]
 14473 | Lair:6   | Killed a fire dragon
 14479 | Lair:6   | Mangled by a tyrant leech

Illustrated notes

Levels and vault maps discovered:
D:1:      psy_arrival_dodecagon, layout_basic,
          hellmonk_ecumenical_altar_lost_god, serial_shops, shop_statue
D:2:      layout_basic, basic_altar, minmay_tetromino_o4, uniq_robin
D:3:      layout_loops_corners, lightli_temple_of_fire, serial_shops, shop,
          nicolae_square_shop, nicolae_shop_temple_entry_statues_fountains,
          nicolae_shop_window_shopping, shop
D:4:      layout_rooms, minmay_misc_feat_enclosed
D:5:      layout_cave_pools, minmay_temple_entry_offerings
D:6:      layout_rooms, lemuel_coloured_pillars_altar, serial_corexii_hall,
          corexii_hall_statues_i, corexii_hall_statues_i,
          gammafunk_ghost_mausoleum, uniq_maggie
D:7:      layout_gridville
D:8:      layout_cave_pools, mainiacjoe_overflow_swirl, enter_ossuary_3,
          kennysheep_small_spiral, minmay_lindwurm_lava
D:9:      minmay_goldmine, layout_basic, biasface_ghost_orc_armoury,
          kennysheep_nondescript, kennysheep_donut, uniq_grum
D:10:     gammafunk_cloud_chamber, layout_loops_ring, erik_lair_orcish_takeover,
          uniq_fannar
D:11:     layout_gridville, orc_0_dummy, minivault_8, uniq_josephine,
          uniq_harold, uniq_maurice
Temple:   compressed_dpeg_circular_temple
Lair:1:   layout_long_grid, grunt_forest_large_clearing_hut, uniq_gastronok,
          uniq_nergalle
Lair:2:   layout_cave_pods, swamp_mist, spider_nest_entry_webs,
          kennysheep_snail_temple
Lair:3:   layout_loops_ring, gauntlet_entry_generic, beast_lair_carwin_1,
          infiniplex_staircase_pool_2
Lair:4:   layout_cave_pods, minmay_lair_oklob_chamber, serial_bayou_shore_b,
          infiniplex_staircase_pool, lemuel_fruit_fields
Lair:6:   minmay_lair_end_frog_pond, layout_regular_city,
          nicolae_quartered_pool_super, minmay_hedge_maze,
          bobbens_dragon_lair_wall

Skill      XL: |  1  2  3  4  5  6  7  8  9 10 11 12 13 |
---------------+----------------------------------------+-----
Fighting       | 4 5 6 7 8 9 10 | 10.7
Shields        | 4 5 6 8 9 10 11 12 | 12.2
Armour         | 4 5 6 7 8 9 |  9.1
Dodging        | 1 2 3 4 5 6 7 8 9 |  9.0
Long Blades    | 3 5 6 7 9 10 11 12 13 14 | 14.2
Throwing       | 1 2 3 4 5 6 7 8 |  8.3
Invocations    | 1 3 4 5 6 |  6.7
Evocations     | 2 4 5 |  5.8
Short Blades   | 2 |  2.6

Action                   |  1- 3 |  4- 6 |  7- 9 | 10-12 | 13-15 || total
-------------------------+-------+-------+-------+-------+-------++-------
Melee: Long sword        |    65 |   124 |   188 |    48 |       ||   425
       Headbutt          |    10 |    33 |    80 |   178 |    82 ||   383
       Scimitar          |       |       |       |   361 |   169 ||   530
       Rapier            |       |       |       |    17 |       ||    17
  Use: Scroll            |     4 |     5 |     6 |    15 |     1 ||    31
       Potion            |     1 |       |     1 |     6 |     2 ||    10
 Stab: Invisible         |       |       |     1 |       |       ||     1
       Distracted        |       |       |       |     2 |       ||     2
       Sleeping          |       |       |       |     4 |     1 ||     5
Armor: Scale mail        |    35 |    75 |    75 |    86 |    34 ||   305
Dodge: Dodged            |    28 |    42 |    74 |   168 |    82 ||   394
Block: Kite shield       |    48 |    99 |   278 |   585 |   244 ||  1254
       Reflection        |       |     2 |     3 |    18 |     5 ||    28
       Rpst.: Long sword |     9 |    12 |    20 |     5 |       ||    46
       Scimitar          |       |       |       |    22 |    10 ||    32
